[Event "Titled Tuesday Blitz June 07 Early 2022"]
[White "Rozman, Levy"]
[Black "Matlakov, Maxim"]
[WhiteFideId "2039877"]
[BlackFideId "4168003"]
[WhiteElo "2376"]
[BlackElo "2669"]
[Result "0-1"]
[Round "03"]
[TimeControl "180+1"]
[Date "2022.06.07"]
[WhiteClock "0:00:26"]
[BlackClock "0:01:18"]

1. d4 d5 2. c4 c6 3. Nf3 Nf6 4. e3 Bf5 5. Nc3 e6 6. Nh4 Bg6 7. Qb3 Qc7 8. Nxg6 hxg6 9. g3 Nbd7 10. Bg2 Nb6 11. cxd5 exd5 12. Bd2 Be7 13. Rc1 Qd7 14. Qd1 Nc4 15. Rc2 Nxd2 16. Qxd2 Qf5 17. a3 Kf8 18. h3 g5 19. g4 Qd7 20. Qd3 g6 21. O-O Kg7 22. f4 gxf4 23. Rxf4 Bd6 24. Rf3 Nh7 25. e4 Ng5 26. e5 Nxf3+ 27. Qxf3 Be7 28. Rf2 Raf8 29. Qe3 Bh4 30. Rf1 Qe7 31. Ne2 Bg5 32. Qb3 f6 33. e6 Qxe6 34. Qxb7+ Rf7 35. Qa6 Be3+ 36. Kh1 Qxg4 0-1


[Site "https://www.chess.com"]

[Event "Titled Tuesday Blitz June 07 Early 2022"]
[White "Rustemov, Alexander"]
[Black "De Souza, Cristiano Gomes"]
[WhiteFideId "4119002"]
[BlackFideId "2151758"]
[WhiteElo "2783"]
[BlackElo "2068"]
[Result "1-0"]
[Round "03"]
[TimeControl "180+1"]
[Date "2022.06.07"]
[WhiteClock "0:01:05"]
[BlackClock "0:00:11"]

1. d4 Nf6 2. c4 g6 3. Nf3 Bg7 4. g3 d6 5. Bg2 O-O 6. Nc3 Nc6 7. O-O Bf5 8. Ne1 Qd7 9. e4 Bh3 10. f3 Bxg2 11. Kxg2 e5 12. d5 Ne7 13. Nd3 c6 14. Be3 cxd5 15. cxd5 a6 16. Na4 Nc8 17. Rc1 b5 18. Rxc8 Raxc8 19. Nb6 Qb7 20. Nxc8 Rxc8 21. Nb4 Nd7 22. Nc6 Nb8 23. Na7 Rc7 24. Qd2 Nd7 25. Rc1 Rxc1 26. Qxc1 Nb6 27. Qc6 Qxa7 28. Qxd6 Bf8 29. Qxb6 Qd7 30. Qxa6 f5 31. Qe6+ Qxe6 32. dxe6 fxe4 33. fxe4 Kg7 34. Bg5 Bd6 35. Kf3 h6 36. Bd8 Kf8 37. Bf6 h5 38. Ke2 Ke8 39. h3 Kf8 40. Kd3 Ke8 41. Kc2 Kf8 42. Kb3 Ke8 43. a4 bxa4+ 44. Kxa4 Bc5 45. b4 Bf2 46. g4 hxg4 47. hxg4 Bd4 48. b5 Kf8 49. Ka5 Ke8 50. b6 1-0


[Site "https://www.chess.com"]

[Event "Titled Tuesday Blitz June 07 Early 2022"]
[White "Sadhwani, Raunak"]
[Black "Eynullayev, Atilla"]
[WhiteFideId "35093487"]
[BlackFideId "13413570"]
[WhiteElo "2616"]
[BlackElo "1936"]
[Result "1-0"]
[Round "03"]
[TimeControl "180+1"]
[Date "2022.06.08"]
[WhiteClock "0:00:03"]
[BlackClock "0:00:03"]

1. e4 c5 2. Nf3 d6 3. c3 Nf6 4. h3 Nc6 5. d3 e6 6. g3 Be7 7. Bg2 O-O 8. O-O Rb8 9. a4 a6 10. Re1 b5 11. d4 cxd4 12. cxd4 Bb7 13. axb5 axb5 14. Bg5 h6 15. Bxf6 Bxf6 16. Nc3 Qb6 17. Ne2 Rbc8 18. Qd2 b4 19. Rad1 Na5 20. Nf4 Nc4 21. Qe2 Ba6 22. Nh5 Be7 23. Bf1 Ne5 24. Qe3 Nxf3+ 25. Qxf3 Bxf1 26. Kxf1 Qb5+ 27. Kg2 Rc2 28. e5 dxe5 29. Rxe5 Qc6 30. d5 Qc7 31. Rde1 Bc5 32. R1e2 Rxe2 33. Rxe2 exd5 34. Qg4 f5 35. Qf3 d4 36. Nf4 Rc8 37. Qd5+ Qf7 38. Qf3 Bf8 39. Nd3 b3 40. Ne5 Qe6 41. Nd3 Qf7 42. h4 Rc2 43. Re5 g6 44. h5 Bg7 45. hxg6 Qxg6 46. Rxf5 Rd2 47. Qd5+ Kh7 48. Nf4 Qe8 49. Qf3 Rxb2 50. Qd3 Rc2 51. Re5+ Qg6 52. Qxg6+ 1-0


[Site "https://www.chess.com"]

[Event "Titled Tuesday Blitz June 07 Early 2022"]
[White "Santos Ruiz, Miguel"]
[Black "Zlatin, Alexander"]
[WhiteFideId "22291482"]
[BlackFideId "2810549"]
[WhiteElo "2475"]
[BlackElo "2228"]
[Result "1-0"]
[Round "03"]
[TimeControl "180+1"]
[Date "2022.06.08"]
[WhiteClock "0:00:07"]
[BlackClock "0:00:02"]

1. Nf3 d5 2. c4 e6 3. e3 Nf6 4. b3 c5 5. Bb2 Nc6 6. cxd5 exd5 7. Be2 Bg4 8. O-O Be7 9. d4 O-O 10. dxc5 Bxc5 11. Nc3 Re8 12. Rc1 Be7 13. h3 Bh5 14. Re1 Rc8 15. Nh4 Bxe2 16. Rxe2 d4 17. exd4 Qxd4 18. Nf5 Qxd1+ 19. Rxd1 Bf8 20. Rxe8 Rxe8 21. Nb5 Ne4 22. Rd7 Nc5 23. Rc7 Re1+ 24. Kh2 Re2 25. Ba3 Rxf2 26. Bxc5 Rxf5 27. Bxf8 Rxb5 28. Rc8 f6 29. Bc5+ Kf7 30. Bf2 Kg6 31. Rc7 a6 32. Bg3 Ne5 33. Bf2 Nd3 34. Bg3 Nb4 35. Bd6 Nd5 36. Rd7 Nb6 37. Rxb7 Nd5 38. Rxb5 axb5 39. a4 bxa4 40. bxa4 Kf7 41. a5 Ke6 42. Bf8 g6 43. a6 Nc7 44. a7 Kd7 45. Kg3 Kc6 46. Bg7 f5 47. Bd4 Kb7 48. Be3 Ne6 49. Kf3 g5 50. g4 f4 51. Bf2 h6 52. Ke4 Ka8 53. Kf5 Nc7 54. Kg6 Nd5 55. Kxh6 Nc3 56. Kxg5 Ne4+ 57. Kxf4 Nxf2 58. h4 Nd3+ 59. Kf5 Kxa7 60. h5 Nc5 61. h6 Nd7 62. h7 1-0


[Site "https://www.chess.com"]

[Event "Titled Tuesday Blitz June 07 Early 2022"]
[White "Sapunov, Evgeny"]
[Black "Xiong, Jeffery"]
[WhiteFideId "4126661"]
[BlackFideId "2047640"]
[WhiteElo "2470"]
[BlackElo "2714"]
[Result "1-0"]
[Round "03"]
[TimeControl "180+1"]
[Date "2022.06.07"]
[WhiteClock "0:00:34"]
[BlackClock "0:00:43"]

1. c4 e5 2. Nf3 e4 3. Nd4 Nc6 4. Nc2 d5 5. cxd5 Qxd5 6. Nc3 Qe5 7. d4 exd3 8. Qxd3 Bf5 9. e4 Nf6 10. f3 Bc5 11. Be3 Bg6 12. Qb5 Bxe3 13. Qxe5+ Nxe5 14. Nxe3 O-O-O 15. Rd1 Rxd1+ 16. Kxd1 Rd8+ 17. Kc1 c6 18. Be2 Nd3+ 19. Bxd3 Rxd3 20. Re1 Nd7 21. Kc2 Rd4 22. Ne2 Ra4 23. a3 Ne5 24. Rd1 Kc7 25. Nc3 Ra5 26. f4 Nd7 27. f5 Bh5 28. g4 Bxg4 29. Nxg4 h5 30. Nf2 g6 31. fxg6 fxg6 32. Rg1 g5 33. h3 Nf6 34. Kd3 Kd6 35. Ke3 Ke6 36. Nd3 g4 37. h4 Nd7 38. a4 c5 39. b3 c4 40. bxc4 Nb6 41. Nb2 Rc5 42. Kd4 Rc8 43. Rf1 Nd7 44. Nd3 Nb6 45. Nb2 Nd7 46. Nd5 g3 47. Nd3 Rg8 48. N3f4+ Kd6 49. Nxh5 g2 50. Rg1 Rg4 51. Nhf4 1-0


[Site "https://www.chess.com"]

[Event "Titled Tuesday Blitz June 07 Early 2022"]
[White "Shohat, Yotam"]
[Black "Daneshvar, Bardiya"]
[WhiteFideId "2813955"]
[BlackFideId "12576468"]
[WhiteElo "2119"]
[BlackElo "2303"]
[Result "0-1"]
[Round "03"]
[TimeControl "180+1"]
[Date "2022.06.07"]
[WhiteClock "0:00:03"]
[BlackClock "0:01:06"]

1. e4 Nc6 2. d4 d5 3. e5 Bf5 4. Nf3 e6 5. Bd3 Nge7 6. O-O Qd7 7. Nc3 h6 8. h4 Nb4 9. Bxf5 Nxf5 10. a3 Na6 11. b4 c6 12. h5 g5 13. Nh2 Nc7 14. Ne2 Bg7 15. Ng4 O-O-O 16. a4 Kb8 17. Qd3 Ne8 18. Ng3 f6 19. exf6 Bxf6 20. c3 Bg7 21. Re1 Ned6 22. Ne5 Bxe5 23. Rxe5 Nxg3 24. Qxg3 Ka8 25. b5 cxb5 26. axb5 Nxb5 27. Bd2 Nd6 28. Ree1 Ne4 29. Qd3 Qc6 30. f3 Ng3 31. Reb1 Nxh5 32. Ra5 Rd7 33. Rc5 Qd6 34. Ra1 Nf4 35. Qb5 a6 36. Bxf4 gxf4 37. Qa4 Rc7 38. Ra5 Rg8 39. Rb1 Rcg7 40. Qc2 Rxg2+ 41. Qxg2 Rxg2+ 42. Kxg2 e5 43. dxe5 Qg6+ 0-1


[Site "https://www.chess.com"]

[Event "Titled Tuesday Blitz June 07 Early 2022"]
[White "Shubin, Kirill"]
[Black "Alinasab, Mobina"]
[WhiteFideId "34119962"]
[BlackFideId "12528897"]
[WhiteElo "2474"]
[BlackElo "2031"]
[Result "1-0"]
[Round "03"]
[TimeControl "180+1"]
[Date "2022.06.07"]
[WhiteClock "0:00:45"]
[BlackClock "0:00:05"]

1. e4 c5 2. Nf3 e6 3. g3 d5 4. exd5 exd5 5. d4 Nc6 6. Bg2 Nf6 7. O-O Be7 8. dxc5 Bxc5 9. a3 O-O 10. b4 Bb6 11. Bb2 Ne4 12. Nbd2 Bg4 13. c4 Nxd2 14. Qxd2 Bxf3 15. Bxf3 dxc4 16. Qf4 Nd4 17. Rad1 Nxf3+ 18. Qxf3 Qc7 19. Qg4 f5 20. Qf3 Rf7 21. Rd5 Qc6 22. Rfd1 Re8 23. Bc3 a6 24. Kg2 h6 25. h4 Ba7 26. h5 b5 27. Rd6 Qxf3+ 28. Kxf3 f4 29. g4 Bb8 30. Rxa6 Be5 31. Re1 Rfe7 32. Rxe5 Rxe5 33. Bxe5 Rxe5 34. Rb6 Rd5 35. Kxf4 Kf7 36. Ke4 Rd3 37. Rxb5 Rxa3 38. Rc5 c3 39. Kd3 c2+ 40. Kxc2 Ra2+ 41. Kb3 Rxf2 42. Rf5+ Rxf5 43. gxf5 Ke7 44. Kc4 Kd6 45. b5 Kc7 46. Kc5 Kb7 47. b6 Kb8 48. Kc6 Kc8 49. b7+ Kb8 50. Kb6 1-0


[Site "https://www.chess.com"]

[Event "Titled Tuesday Blitz June 07 Early 2022"]
[White "Shuvalov, Evgenij"]
[Black "Makarian, Rudik"]
[WhiteFideId "4187237"]
[BlackFideId "44105681"]
[WhiteElo "2023"]
[BlackElo "2398"]
[Result "1-0"]
[Round "03"]
[TimeControl "180+1"]
[Date "2022.06.08"]
[WhiteClock "0:00:05"]
[BlackClock "0:00:04"]

1. Nf3 Nf6 2. c4 e6 3. g3 d5 4. Bg2 dxc4 5. Qc2 a6 6. Qxc4 b5 7. Qc2 Bb7 8. O-O Nbd7 9. d3 Be7 10. a4 O-O 11. Nbd2 c5 12. Nb3 Qb6 13. Bd2 Rac8 14. Na5 Bd5 15. axb5 axb5 16. e4 Ba8 17. h3 Qb8 18. b3 Bd6 19. Bc3 Ne5 20. Nd2 Ng6 21. Bxf6 gxf6 22. f4 Rfd8 23. h4 Nf8 24. Bf3 Rd7 25. Be2 Bc7 26. Kh2 Bb6 27. Qb2 c4 28. Qxf6 Bd8 29. Qh6 cxd3 30. Bd1 Qb6 31. Ra2 e5 32. Qh5 Ra7 33. b4 Qd4 34. Bb3 Qxb4 35. fxe5 Ne6 36. Rxf7 Rxf7 37. Bxe6 Rc7 38. Nab3 Bc6 39. Ra6 Qe7 40. Qg4+ Kf8 41. Nd4 Rf2+ 42. Kh3 Rxd2 43. Nf5 Qxe6 44. Qf4 Kg8 45. Qxd2 Qf7 46. Nh6+ Kg7 47. Nxf7 Kxf7 48. Qf4+ Kg7 49. e6 Rc8 50. Qe5+ Bf6 51. Qd6 Bxe4 52. Qd7+ Kg6 53. Qxc8 d2 54. Rd6 Bf5+ 55. g4 Be4 56. h5+ Kg5 57. Rxd2 Be5 58. Qg8+ Kf4 59. Qf7+ Ke3 60. Qf2# 1-0


[Site "https://www.chess.com"]

[Event "Titled Tuesday Blitz June 07 Early 2022"]
[White "Skliarov, Viktor"]
[Black "Durarbayli, Vasif"]
[WhiteFideId "14106736"]
[BlackFideId "13402935"]
[WhiteElo "2229"]
[BlackElo "2528"]
[Result "0-1"]
[Round "03"]
[TimeControl "180+1"]
[Date "2022.06.07"]
[WhiteClock "0:00:02"]
[BlackClock "0:00:04"]

1. e4 e5 2. Nc3 Nc6 3. Bc4 Nf6 4. d3 Na5 5. Nge2 Be7 6. Ng3 d6 7. O-O c6 8. Bg5 h5 9. Bxf6 gxf6 10. Nxh5 b5 11. Bb3 b4 12. Nb1 Rg8 13. Ng3 Bg4 14. Qe1 d5 15. Nd2 Bc5 16. a3 bxa3 17. bxa3 Ke7 18. Ba4 Bd4 19. Rb1 Bc3 20. Qc1 Rh8 21. Nb3 Qg8 22. Nxa5 Bxa5 23. Rb7+ Kd6 24. h3 Bxh3 25. gxh3 Rxh3 26. Kg2 Qg4 27. Rh1 Rah8 28. Rxh3 Qxh3+ 29. Kf3 f5 30. exf5 Rh4 31. Qg5 Kc5 32. Qe7+ Kd4 33. Qf6 Rf4+ 34. Ke2 Qg4+ 35. Kf1 Qh3+ 36. Ke2 Qg4+ 37. Kf1 Qxg3 38. Qxc6 Qxf2# 0-1


[Site "https://www.chess.com"]

[Event "Titled Tuesday Blitz June 07 Early 2022"]
[White "Srinath, Rao S.V."]
[Black "Stribuk, Artiom"]
[WhiteFideId "5028876"]
[BlackFideId "13515659"]
[WhiteElo "2181"]
[BlackElo "2259"]
[Result "1/2-1/2"]
[Round "03"]
[TimeControl "180+1"]
[Date "2022.06.08"]
[WhiteClock "0:00:12"]
[BlackClock "0:00:04"]

1. c4 g6 2. Nc3 c5 3. g3 Bg7 4. Bg2 Nc6 5. e3 e5 6. Nge2 d6 7. a3 h5 8. h3 Nge7 9. Rb1 Be6 10. Nd5 a5 11. Nec3 O-O 12. d3 f5 13. Bd2 Kh7 14. Qc2 Bg8 15. g4 h4 16. gxf5 gxf5 17. Rg1 Ng6 18. Bf3 Bf7 19. b4 axb4 20. axb4 cxb4 21. Nxb4 Nxb4 22. Rxb4 Ra1+ 23. Nd1 d5 24. cxd5 Bxd5 25. Bh5 Rf6 26. Bc3 Raa6 27. d4 exd4 28. Bxd4 Rfc6 29. Qxf5 Bxd4 30. Rxd4 Qa5+ 31. Rd2 Bg8 32. Bxg6+ Rxg6 33. Qd7+ Kh8 34. Rxg6 Rxg6 35. Qd4+ Rg7 36. Qxh4+ Rh7 37. Qf6+ Rg7 38. Nc3 Qa1+ 39. Rd1 Qa5 40. Rd7 Qa1+ 41. Ke2 Bc4+ 42. Kf3 Qh1+ 43. Kf4 Qh2+ 44. Ke4 Qg2+ 45. f3 Qc2+ 46. Kf4 Qh2+ 47. Ke4 Qc2+ 48. Kf4 Qh2+ 49. Ke4 Qc2+ 1/2-1/2


[Site "https://www.chess.com"]

[Event "Titled Tuesday Blitz June 07 Early 2022"]
[White "Suleymanli, Aydin"]
[Black "Lubbe, Nikolas"]
[WhiteFideId "13413937"]
[BlackFideId "4694031"]
[WhiteElo "2481"]
[BlackElo "2447"]
[Result "1-0"]
[Round "03"]
[TimeControl "180+1"]
[Date "2022.06.07"]
[WhiteClock "0:00:07"]
[BlackClock "0:00:06"]

1. d4 d5 2. Nf3 Nf6 3. Bf4 e6 4. e3 Bd6 5. Bg3 b6 6. c3 O-O 7. Nbd2 c5 8. Ne5 Qc7 9. f4 Ba6 10. Bxa6 Nxa6 11. Bh4 Nd7 12. Qa4 Nab8 13. O-O f6 14. Nef3 Nc6 15. Rae1 Rae8 16. Bg3 f5 17. Ne5 Bxe5 18. fxe5 c4 19. h4 Qb7 20. Qd1 b5 21. Bf4 Nb6 22. g4 Na4 23. Qc2 fxg4 24. b3 cxb3 25. axb3 Nb6 26. Bg5 Rxf1+ 27. Rxf1 b4 28. c4 dxc4 29. bxc4 Na5 30. Rf4 b3 31. Nxb3 Nbxc4 32. Nc5 Qb4 33. Rxg4 Qe1+ 34. Kh2 Nxe3 35. Bxe3 Qxe3 36. Qg2 Qh6 37. Qa2 Nc6 38. Qa4 Qd2+ 39. Kh3 Qe3+ 40. Rg3 Qc1 41. Qxc6 Qh1+ 42. Qxh1 1-0


[Site "https://www.chess.com"]

[Event "Titled Tuesday Blitz June 07 Early 2022"]
[White "Suleymanli, Suleyman"]
[Black "Molina, Roberto Junio Brito"]
[WhiteFideId "13416375"]
[BlackFideId "2109450"]
[WhiteElo "1598"]
[BlackElo "2432"]
[Result "0-1"]
[Round "03"]
[TimeControl "180+1"]
[Date "2022.06.07"]
[WhiteClock "0:00:03"]
[BlackClock "0:00:11"]

1. Nf3 d5 2. d4 Nf6 3. g3 c6 4. Bg2 Bg4 5. O-O Nbd7 6. c4 e6 7. b3 Bd6 8. Nc3 O-O 9. Bb2 Qe7 10. h3 Bh5 11. Qd2 Rad8 12. Rfe1 Bb4 13. a3 Bd6 14. Qc1 Ne4 15. Nxe4 dxe4 16. Ne5 f5 17. Nxd7 Rxd7 18. Qc3 Rfd8 19. b4 h6 20. Rad1 Qf7 21. Qe3 a6 22. Rd2 Be7 23. h4 g5 24. d5 exd5 25. Qd4 Kh7 26. cxd5 Rxd5 27. Qc3 Rxd2 28. hxg5 hxg5 29. g4 Rxb2 30. Qxb2 Bxg4 31. f3 Bf6 32. Qc2 Bh5 33. fxe4 fxe4 34. Bxe4+ Kg7 35. Rf1 Qe7 36. Kg2 Rd4 37. Bd3 Rg4+ 38. Kf2 Rf4+ 39. Ke1 Qe5 40. Rxf4 Qc3+ 41. Kf1 Qxc2 42. Bxc2 gxf4 43. Bf5 b6 44. Bc8 a5 45. Bb7 Be8 46. bxa5 bxa5 47. Ba6 Bd4 48. Bc4 Kf6 49. a4 Ke5 50. Bb3 Bd7 51. Kg2 Bg4 52. Bc4 Be3 53. Bd3 Kd4 54. Kf1 c5 55. Ke1 c4 56. Bg6 Bd7 57. Kd1 Bxa4+ 58. Ke1 Bb3 59. Kf1 Kc3 60. Kg2 Kb2 61. Kf3 a4 62. Ke4 Kc3 63. Kd5 a3 64. Bb1 Kb4 65. Ke4 c3 66. Kd3 Bc4+ 67. Kc2 Bxe2 68. Ba2 Bf3 69. Bg8 Be4+ 70. Kd1 Kc5 71. Ke2 Kd4 72. Bb3 f3+ 73. Ke1 Bd3 74. Kd1 f2 75. Bc4 Bxc4 76. Kc2 Bd2 77. Kd1 Ke3 78. Kc2 Be2 79. Kb3 f1=Q 80. Ka2 Qf2 81. Kb3 Kd3 82. Ka2 Qe1 83. Kb3 Qb1+ 84. Kxa3 Qb2+ 85. Ka4 Qa2+ 86. Kb5 Ke3+ 87. Kc5 c2 88. Kd6 Qb2 89. Ke6 Qc3 90. Kf5 Kf2 91. Ke4 Qe3+ 92. Kd5 Qd3+ 93. Kc5 c1=Q+ 94. Kb6 Qb3+ 95. Ka7 Qca3# 0-1


[Site "https://www.chess.com"]

[Event "Titled Tuesday Blitz June 07 Early 2022"]
[White "Svane, Rasmus"]
[Black "Guzman, Christopher"]
[WhiteFideId "4657101"]
[BlackFideId "6405096"]
[WhiteElo "2674"]
[BlackElo "2244"]
[Result "1-0"]
[Round "03"]
[TimeControl "180+1"]
[Date "2022.06.07"]
[WhiteClock "0:00:22"]
[BlackClock "0:00:28"]

1. Nf3 Nf6 2. g3 b6 3. Bg2 Bb7 4. O-O e6 5. c4 Be7 6. d4 O-O 7. Re1 d5 8. cxd5 exd5 9. Nc3 Nc6 10. Bf4 Ne4 11. Rc1 Nxc3 12. bxc3 Na5 13. Nd2 Ba3 14. Rb1 Qd7 15. e4 dxe4 16. Nxe4 Rfe8 17. Qh5 f6 18. h4 Rad8 19. Kh2 Qf7 20. Qxf7+ Kxf7 21. Bxc7 Rc8 22. Bf4 Bxe4 23. Bxe4 Rxc3 24. Bxh7 Rxe1 25. Rxe1 g6 26. h5 gxh5 27. Be4 Nc4 28. Bd5+ Kg6 29. Re8 Nd6 30. Rg8+ Kh7 31. Rd8 Nb5 32. Be4+ Kg7 33. Rd7+ Kf8 34. Bg6 h4 35. Bh6+ Kg8 36. Rd8+ 1-0


[Site "https://www.chess.com"]

[Event "Titled Tuesday Blitz June 07 Early 2022"]
[White "Tanenbaum, Zachary"]
[Black "Van Foreest, Jorden"]
[WhiteFideId "2060850"]
[BlackFideId "1039784"]
[WhiteElo "2175"]
[BlackElo "2609"]
[Result "0-1"]
[Round "03"]
[TimeControl "180+1"]
[Date "2022.06.07"]
[WhiteClock "0:00:06"]
[BlackClock "0:00:56"]

1. e4 c6 2. d4 d5 3. exd5 cxd5 4. Bd3 Nc6 5. c3 Qc7 6. Bg5 g6 7. Nd2 Bh6 8. Bxh6 Nxh6 9. Ngf3 Bf5 10. Bxf5 Nxf5 11. O-O e6 12. Re1 O-O 13. Nf1 Kg7 14. Ng3 Nxg3 15. hxg3 Rab8 16. a4 a6 17. Qd2 b5 18. axb5 axb5 19. b4 Ra8 20. Qd3 Ne7 21. Nd2 Nf5 22. Nb3 Qc4 23. Qxc4 bxc4 24. Nc5 Nd6 25. Ra5 Rab8 26. Nd7 Nb5 27. Nxb8 Rxb8 28. Re3 Rb7 29. Kf1 h5 30. Ke2 Nd6 31. Ra6 Nb5 32. Kd2 g5 33. Re1 Kg6 34. Rea1 Kf5 35. f3 h4 36. gxh4 gxh4 37. Rh1 Kg5 38. Ra8 Rb6 39. Kc2 Rb7 40. Kb2 f5 41. Re8 Ra7 42. Rxe6 Ra3 43. Rb6 Rb3+ 44. Kc2 Rxc3+ 45. Kb2 Rb3+ 46. Kc2 Nxd4+ 47. Kd2 Rd3+ 48. Kc1 c3 49. Rd1 Rxd1+ 50. Kxd1 Kf4 51. b5 Ke3 52. Rc6 Kd3 53. Rc5 c2+ 54. Ke1 Nxb5 55. Rxd5+ Kc4 56. Rd1 cxd1=Q+ 57. Kxd1 Kd3 58. Ke1 Ke3 59. Kf1 Nd4 60. Kg1 Ne2+ 61. Kh2 Nf4 62. Kg1 Ke2 63. Kh2 Kf2 64. Kh1 Nxg2 65. Kh2 Nf4 66. Kh1 Kxf3 0-1


[Site "https://www.chess.com"]

[Event "Titled Tuesday Blitz June 07 Early 2022"]
[White "Tasev, Dejan"]
[Black "Wong, Yinn Long"]
[WhiteFideId "936618"]
[BlackFideId "5707684"]
[WhiteElo "2253"]
[BlackElo "2076"]
[Result "1-0"]
[Round "03"]
[TimeControl "180+1"]
[Date "2022.06.08"]
[WhiteClock "0:00:42"]
[BlackClock "0:00:02"]

1. e4 e5 2. Nf3 Nc6 3. Bc4 Bc5 4. d3 Nf6 5. Be3 Bxe3 6. fxe3 d5 7. exd5 Nxd5 8. Qe2 Be6 9. Bb3 f6 10. O-O Qe7 11. Nc3 O-O-O 12. Nxd5 Bxd5 13. e4 Be6 14. Qf2 Kb8 15. Bxe6 Qxe6 16. Nh4 Rd7 17. Nf5 Rf8 18. a3 g6 19. Ne3 Nd4 20. b3 f5 21. exf5 gxf5 22. Rae1 Re7 23. Nc4 Qd5 24. a4 Rg8 25. Ne3 Qc6 26. Nc4 Qd5 27. Ne3 Qc6 28. Nc4 Reg7 29. g3 f4 30. Nxe5 Qc5 31. Re4 Ne6 32. Qxc5 Nxc5 33. Rexf4 a5 34. Rf8+ Rxf8 35. Rxf8+ Ka7 36. Rf4 Re7 37. Rf5 Ne6 38. Nf3 b6 39. Kf2 Nc5 40. Re5 Rf7 41. Ke2 Kb7 42. Ng5 Rg7 43. Ne6 Nxe6 44. Rxe6 Rf7 45. Re4 Rg7 46. Kf3 Rf7+ 47. Rf4 Rg7 48. h4 Kc6 49. g4 Kd6 50. g5 Ke5 51. Ke3 Kd5 52. d4 Re7+ 53. Kd3 Re1 54. c4+ Ke6 55. Rf6+ Ke7 56. Rh6 Rd1+ 57. Kc3 Rg1 58. Rxh7+ Kd6 59. Rh6+ Kd7 60. g6 Rg3+ 61. Kb2 Rg2+ 62. Ka3 c5 63. dxc5 bxc5 64. Rh7+ Kc6 65. h5 Kb6 66. g7 Ka6 67. h6 Rg6 68. Rh8 Rg1 69. g8=Q 1-0


[Site "https://www.chess.com"]

[Event "Titled Tuesday Blitz June 07 Early 2022"]
[White "Terry, Renato"]
[Black "Piesik, Piotr"]
[WhiteFideId "3803457"]
[BlackFideId "1136194"]
[WhiteElo "2577"]
[BlackElo "2247"]
[Result "1-0"]
[Round "03"]
[TimeControl "180+1"]
[Date "2022.06.07"]
[WhiteClock "0:00:31"]
[BlackClock "0:00:27"]

1. d4 Nf6 2. Nf3 d5 3. c4 c6 4. Nc3 dxc4 5. a4 Bf5 6. Ne5 Nbd7 7. Nxc4 Nb6 8. Ne5 a5 9. e3 e6 10. g4 Bg6 11. h4 Bd6 12. h5 Bxe5 13. hxg6 Bd6 14. gxf7+ Kxf7 15. g5 Nfd5 16. Qf3+ Ke7 17. Bd2 Bb4 18. Qe4 g6 19. Be2 Qd6 20. Qc2 Raf8 21. Rh3 e5 22. Qe4 Nd7 23. f4 Nxf4 24. exf4 Qxd4 25. Qh1 exf4 26. O-O-O Nc5 27. Rxh7+ Rxh7 28. Qxh7+ Rf7 29. Qxg6 Bxc3 30. Bxc3 Qe3+ 31. Kb1 Ne4 32. Bc4 Nxc3+ 33. bxc3 Qb6+ 34. Ka1 1-0


[Site "https://www.chess.com"]

[Event "Titled Tuesday Blitz June 07 Early 2022"]
[White "Thavandiran, Shiyam"]
[Black "Girinath, P.D.S."]
[WhiteFideId "2605058"]
[BlackFideId "5000572"]
[WhiteElo "2357"]
[BlackElo "2369"]
[Result "1-0"]
[Round "03"]
[TimeControl "180+1"]
[Date "2022.06.08"]
[WhiteClock "0:00:05"]
[BlackClock "0:00:03"]

1. e4 e6 2. d4 d5 3. e5 c5 4. c3 Nc6 5. Nf3 Nh6 6. Bxh6 gxh6 7. Be2 Bg7 8. O-O O-O 9. a3 cxd4 10. cxd4 f6 11. exf6 Qxf6 12. Nc3 Nxd4 13. Nxd4 Qxd4 14. Bg4 Qxd1 15. Raxd1 d4 16. Nb5 e5 17. Bf3 Bd7 18. Bd5+ Kh8 19. Nd6 Bc6 20. Nf7+ Kg8 21. Nxh6+ Kh8 22. Nf7+ Kg8 23. Bxc6 bxc6 24. Nd6 Rfb8 25. Rd2 Rb3 26. Re1 Rab8 27. Nc4 Kf7 28. Kf1 Ke6 29. Nxe5 Bxe5 30. f4 Re3 31. fxe5 Rxe1+ 32. Kxe1 Kxe5 33. Re2+ Kd5 34. b4 a5 35. bxa5 Ra8 36. Re7 c5 37. Rxh7 Rxa5 38. Rh3 Kc4 39. Kd2 Rb5 40. Kc2 Rb7 41. Rf3 Re7 42. Rf2 Re3 43. Kb2 Kb5 44. g4 c4 45. g5 d3 46. g6 Re2+ 47. Rxe2 dxe2 48. g7 e1=Q 49. g8=Q Qd2+ 50. Kb1 Qd1+ 51. Kb2 Qb3+ 52. Kc1 Qxa3+ 53. Kd1 Qf3+ 54. Kd2 Qf2+ 55. Kc3 Qe3+ 56. Kc2 Qe2+ 57. Kc3 Qd3+ 58. Kb2 c3+ 59. Ka3 c2+ 60. Kb2 Qd2 61. Qb3+ Ka6 62. Qc4+ Ka5 63. Qc5+ Ka6 64. Qc6+ Ka5 65. Qc7+ Ka6 66. Qxc2 Qb4+ 67. Kc1 Qe1+ 68. Kb2 Qb4+ 69. Ka2 Qa5+ 70. Kb3 Qb5+ 71. Kc3 Qe5+ 72. Kd3 Qf5+ 73. Kd2 Qf2+ 74. Kc3 Qc5+ 75. Kb3 Qxc2+ 76. Kxc2 Kb5 77. h4 Kc5 78. h5 Kd5 79. h6 1-0


[Site "https://www.chess.com"]

[Event "Titled Tuesday Blitz June 07 Early 2022"]
[White "Vasquez Schroeder, Rodrigo"]
[Black "Gurevich, Dmitry"]
[WhiteFideId "3400042"]
[BlackFideId "2000407"]
[WhiteElo "2567"]
[BlackElo "2506"]
[Result "0-1"]
[Round "03"]
[TimeControl "180+1"]
[Date "2022.06.08"]
[WhiteClock "0:00:39"]
[BlackClock "0:00:04"]

1. e4 c5 2. Nf3 d6 3. d4 cxd4 4. Nxd4 Nf6 5. Nc3 Nc6 6. Bg5 e6 7. Qd2 Be7 8. O-O-O O-O 9. f4 h6 10. Bh4 Qb6 11. Bf2 Qc7 12. Ndb5 Qa5 13. Kb1 Rd8 14. Nd4 Nxd4 15. Bxd4 Qc7 16. Bd3 a6 17. e5 dxe5 18. Bxe5 Qb6 19. Qe2 Bd7 20. Bc4 Rac8 21. Bb3 Bc6 22. Rhe1 Rxd1+ 23. Rxd1 Rd8 24. Re1 Bb5 25. Qf3 Qc6 26. Qg3 Bc4 27. h3 Bxb3 28. axb3 b5 29. Qf2 b4 30. Bxf6 Bxf6 31. Ne4 Bd4 32. Qe2 Rd5 33. Nd2 Qc7 34. g3 a5 35. Nc4 Bf6 36. Rf1 Qc6 37. g4 a4 38. bxa4 Qxa4 39. Qf3 Qa6 40. Qb3 Rc5 41. Ne3 Ra5 42. Kc1 Ra1+ 43. Kd2 Rxf1 44. Nxf1 Qxf1 45. Qxb4 Qf2+ 46. Kd3 Qf3+ 47. Kd2 Qxh3 48. Qe4 Qh2+ 49. Kd3 Qg3+ 50. Kc4 Qf2 51. Qa8+ Kh7 52. Qe4+ g6 53. Qb7 Kg7 54. c3 Qxf4+ 55. Kb3 Qxg4 56. Qc7 Qf5 57. Ka4 Qd5 58. b4 Qa2+ 59. Kb5 Qe2+ 60. c4 h5 61. Ka6 h4 62. b5 h3 63. b6 h2 64. b7 h1=Q 65. b8=Q Qa1+ 66. Kb7 Qab2+ 67. Kc8 Qxb8+ 68. Kxb8 Qe5 69. c5 Qxc7+ 70. Kxc7 Be5+ 71. Kc6 Bf4 72. Kb5 g5 73. Kc4 Kf6 74. Kd3 Ke7 75. Ke4 Kd7 0-1


[Site "https://www.chess.com"]

[Event "Titled Tuesday Blitz June 07 Early 2022"]
[White "Wagner, Dinara"]
[Black "Rodrigue-Lemieux, Shawn"]
[WhiteFideId "24157570"]
[BlackFideId "2620049"]
[WhiteElo "2216"]
[BlackElo "1763"]
[Result "0-1"]
[Round "03"]
[TimeControl "180+1"]
[Date "2022.06.08"]
[WhiteClock "0:00:13"]
[BlackClock "0:00:23"]

1. Nf3 d5 2. d4 Nf6 3. c4 e6 4. g3 Be7 5. Bg2 O-O 6. O-O dxc4 7. Qc2 a6 8. a4 Bd7 9. Qxc4 Bc6 10. Bf4 Bd6 11. Qc1 a5 12. Nc3 Na6 13. Nb5 Nb4 14. Rd1 Qe7 15. Nxd6 cxd6 16. Ra3 Rfc8 17. Rc3 Na2 18. Qa1 Nxc3 19. bxc3 b5 20. axb5 Bxb5 21. e3 Be2 22. Rc1 Bxf3 23. Bxf3 d5 24. c4 a4 25. c5 a3 26. Qa2 Qb7 27. Rc2 Qb4 28. Kg2 h6 29. h4 Ra7 30. Bd6 Rc6 31. g4 Rb7 32. g5 hxg5 33. hxg5 Ne8 34. Bf4 Qb3 35. e4 Nc7 36. Bxc7 Rcxc7 37. exd5 exd5 38. Bxd5 Qxa2 39. Rxa2 Ra7 40. g6 Kf8 41. Bxf7 Ra4 42. Kf3 Rxd4 43. Rxa3 Rxc5 44. Ra8+ Ke7 45. Ra7+ Kf6 46. Ra6+ Kg5 47. Ra7 Rf5+ 48. Ke3 Rdf4 49. Ra2 Rf3+ 50. Ke4 Rxf2 51. Ra3 R2f4+ 52. Ke3 Rf3+ 0-1


[Site "https://www.chess.com"]

[Event "Titled Tuesday Blitz June 07 Early 2022"]
[White "Yang, Kaiqi"]
[Black "Svane, Frederik"]
[WhiteFideId "8604398"]
[BlackFideId "12923044"]
[WhiteElo "2373"]
[BlackElo "2459"]
[Result "0-1"]
[Round "03"]
[TimeControl "180+1"]
[Date "2022.06.07"]
[WhiteClock "0:00:36"]
[BlackClock "0:01:25"]

1. d4 Nf6 2. c4 e6 3. Nc3 Bb4 4. e3 O-O 5. Nf3 c5 6. Bd3 b6 7. O-O Bb7 8. d5 Bxc3 9. bxc3 exd5 10. cxd5 Bxd5 11. c4 Bb7 12. Bb2 Re8 13. Qc2 h6 14. Rad1 Nc6 15. Bf5 d6 16. Rd2 Qe7 17. Rfd1 Rad8 18. a3 Na5 19. Nh4 Ne4 20. Bh7+ Kxh7 21. Nf5 Qg5 22. Nxd6 Qg6 23. Nxe8 Rxd2 24. Rxd2 Nxd2 25. Qxg6+ Kxg6 0-1


[Site "https://www.chess.com"]